 Dungeon Crawl Stone Soup version 0.31-a0-187-gba352fbbf7 (webtiles) character file.

Game seed: 7415717230031245439

190 qw the Skirmisher (level 5, 0/29 HPs)
             Began as a Deep Elf Hunter on June 22, 2023.
             Was an Initiate of Okawaru.
             Succumbed to a scorpion's poison
             ... on level 4 of the Dungeon.
             The game lasted 00:00:59 (2241 turns).

qw the Skirmisher (Deep Elf Hunter)                 Turns: 2241, Time: 00:01:00

Health: 0/29       AC:  6    Str: 10    XL:     5   Next: 41%
Magic:  7/7        EV: 11    Int: 14    God:    Okawaru [......]
Gold:   44         SH:  0    Dex: 18    Spells: 4/4 levels left

rFire   . . .        Y - +0 shortbow
rCold   + . .        (shield currently unavailable)
rNeg    . . .        i - +0 ring mail
rPois   .            (no helmet)
rElec   .            (no cloak)
rCorr   .            d - +0 pair of gloves
SInv    .            (no boots)
Will    .....        (no amulet)
Stlth   +            a - ring of protection from cold
HPRegen 0.24/turn    (no ring)
MPRegen 0.10/turn

%: no passive effects
@: lethally poisoned (0 -> -14)
A: talons 1, MP-powered wands
a: Renounce Religion


You were on level 4 of the Dungeon.
You worshipped Okawaru.
Okawaru was noncommittal.
You visited 2 branches of the dungeon, and saw 5 of its levels.

You collected 89 gold pieces.
You spent 45 gold pieces at shops.


Innate Abilities, Weirdness & Mutations

You have sharp toenails.
You expend magic power (3 MP) to strengthen your wands.


   Skills:
 - Level 1.5 Fighting
 + Level 8.9 Ranged Weapons
 - Level 2.4 Dodging
 - Level 1.2 Stealth


You had 4 spell levels left.
You didn't know any spells.
Your spell library was empty.

Inventory:

Hand Weapons
 Y - a +0 shortbow (weapon)
Armour
 d - a +0 pair of gloves (worn)
 i - a +0 ring mail (worn)
Jewellery
 a - a ring of protection from cold (left hand)
Scrolls
 e - a scroll of identify
 h - a scroll of amnesia {unknown}
 j - 3 scrolls of acquirement {unknown}
Potions
 b - a potion of haste
 c - a potion of mutation
 f - 2 potions of curing
 g - a potion of heal wounds {unknown}
 k - a potion of cancellation
 l - a potion of magic {unknown}

Dungeon Overview and Level Annotations

Branches:
Dungeon (4/15)             Temple (1/1) D:4

Altars:
Cheibriados
Fedhas
Gozag
Hepliaklqana
Kikubaaqudgha
Makhleb
Nemelex Xobeh
Okawaru
Qazlal
Trog
Uskayaw
Vehumet
Wu Jian
Xom
Yredelemnul
Zin
The Shining One

Shops:
D:2 ([   D:3 [

Annotations:
D:3 1 runed translucent door, qw's ghost, weakling DEHu


Message History

Enter note:
Enter note:
Enter note:
Enter note: You shoot an arrow.
The arrow hits the hobgoblin.
The hobgoblin is heavily wounded.
You shoot an arrow. The arrow closely misses the hobgoblin.
The arrow hits the scorpion.
The scorpion is moderately wounded.
You shoot an arrow. The arrow barely misses the hobgoblin.
You shoot an arrow. The arrow hits the hobgoblin.
You kill the hobgoblin!
Okawaru accepts your kill.
You shoot an arrow. The arrow hits the scorpion.
The scorpion is moderately wounded.
The scorpion stings you but does no damage.
You shoot an arrow. The arrow closely misses the scorpion.
The scorpion stings you.
You are poisoned.
The scorpion poisons you!
You shoot an arrow. The arrow barely misses the scorpion.
You feel very sick. The scorpion closely misses you.
You shoot an arrow. The arrow closely misses the scorpion.
You feel very sick.
The scorpion stings you but does no damage.
The scorpion stings you.
You shoot an arrow. The arrow hits the scorpion.
The scorpion is heavily wounded.
You feel sick. The scorpion closely misses you.
You shoot an arrow. The arrow hits the scorpion!
The scorpion is almost dead.
You feel sick. The scorpion stings you.
You are lethally poisoned!
The scorpion poisons you!
You shoot an arrow. The arrow closely misses the scorpion.
You feel very sick.
The scorpion stings you but does no damage. x2
You shoot an arrow. The arrow closely misses the scorpion.
You die...

.....
#.....
......
......
#.... .%.
##s# #@.#
##.##
#####.)#
#.....##
#....##
#...##
#.#
#....##
.#....
#.....#
##....##
#...#.##
##.......


You could see a scorpion.

Vanquished Creatures
  A sleepcap (D:4)
  A hound (D:4)
  Natasha (twice) (D:2)
  An adder (D:2)
  2 worms
  2 dart slugs
  An orc (D:4)
  5 endoplasms
  7 giant cockroaches
  5 hobgoblins
  4 jackals (D:3)
  9 kobolds
  3 quokkas
  2 ball pythons
  5 bats
  4 frilled lizards
  2 goblins (D:1)
  6 rats
62 creatures vanquished.

Notes
Turn   | Place    | Note
-------+----------+-------------------------------------------
     0 | D:1      | qw the Deep Elf Hunter began the quest for the Orb.
     0 | D:1      | Reached XP level 1. HP: 12/12 MP: 3/3
     0 | D:1      | 0 ||| qw: Version: 0.3-a-9-g12657ce
     0 | D:1      | 0 ||| qw: Game counter: 2110
     0 | D:1      | 0 ||| qw: Always use a shield: true
     0 | D:1      | 0 ||| qw: God list: Okawaru
     0 | D:1      | 0 ||| qw: Allow faded altars: false
     0 | D:1      | 0 ||| qw: Do Orc after D:15 true
     0 | D:1      | 0 ||| qw: Do second Lair branch before Depths: true
     0 | D:1      | 0 ||| qw: Lair rune preference: random
     0 | D:1      | 0 ||| qw: Plans: Normal
     0 | D:1      | 0 ||| PLANNING D:1-11
   212 | D:1      | Reached XP level 2. HP: 16/16 MP: 4/4
   216 | D:1      | Reached skill level 6 in Ranged Weapons
   759 | D:1      | 759 ||| UPGRADING to +0 scale mail.
   769 | D:1      | 769 ||| DROPPING +0 leather armour.
   770 | D:1      | 770 ||| UPGRADING to +0 ring mail.
   780 | D:1      | 780 ||| DROPPING +0 scale mail.
   781 | D:1      | 781 ||| READING scroll labelled CULAFA NOCH.
   786 | D:1      | 786 ||| READING 2 scrolls labelled FOONGA CEMP.
   787 | D:1      | 787 ||| READING scroll labelled RUAXUNN PE BUR.
   788 | D:1      | 788 ||| DRINKING 2 orange potions.
   789 | D:1      | 789 ||| DROPPING scroll of butterflies.
  1000 | D:2      | Noticed Natasha
  1004 | D:2      | Killed Natasha
  1005 | D:2      | Reached skill level 7 in Ranged Weapons
  1005 | D:2      | Reached XP level 3. HP: 20/20 MP: 5/5
  1025 | D:2      | Found Keus's Weapon Emporium.
  1115 | D:2      | Noticed Natasha
  1120 | D:2      | Killed Natasha
  1121 | D:2      | Reached XP level 4. HP: 25/25 MP: 6/6
  1334 | D:2      | Found Sorishrer's Armour Boutique.
  1340 | D:2      | 1340 ||| SHOPLISTING +0 pair of gloves (58 gold, have 34).
  1340 | D:2      | 1340 ||| SHOPLISTING +1 leather armour of fire resistance
                  | (182 gold, have 34).
  1409 | D:2      | 1409 ||| UPGRADING to ring of protection from cold.
  1410 | D:2      | 1410 ||| READING scroll labelled UFFAFA QINKICH.
  1411 | D:2      | 1411 ||| DRINKING 2 blue potions.
  1412 | D:2      | 1412 ||| READING 2 scrolls of identify.
  1412 | D:2      | 1412 ||| IDENTIFYING yellow potion
  1413 | D:2      | 1413 ||| DROPPING potion of degeneration.
  1415 | D:2      | 1415 ||| Stepping ~*~*~tactically~*~*~ (cloud).
  1620 | D:3      | Found Arebiry's Armour Emporium.
  1637 | D:3      | 1637 ||| BUYING +0 pair of gloves (45 gold).
  1637 | D:3      | Bought a +0 pair of gloves for 45 gold pieces
  1637 | D:3      | 1637 ||| SHOPLISTING +1 scale mail of fire resistance (160
                  | gold, have 15).
  1637 | D:3      | 1637 ||| SHOPLISTING +2 leather armour of the Marlin
                  | {Regen+} (190 gold, have 15).
  1637 | D:3      | 1637 ||| SHOPLISTING +3 scale mail of cold resistance (260
                  | gold, have 15).
  1712 | D:3      | Reached skill level 8 in Ranged Weapons
  1715 | D:3      | Found a runed translucent door.
  1731 | D:3      | Noticed qw's ghost (weakling DEHu)
  1961 | D:3      | 1961 ||| UPGRADING to +0 pair of gloves.
  1966 | D:3      | 1966 ||| READING scroll labelled UDEDUHO WAKOHU.
  2012 | D:3      | 2012 ||| DRINKING 2 murky red potions.
  2012 | D:3      | Gained mutation: You are weak. (Str -2) [potion of
                  | mutation]
  2012 | D:3      | Gained mutation: You have sharp toenails. [potion of
                  | mutation]
  2012 | D:3      | Lost mutation: You are weak. (Str -2) [potion of mutation]
  2012 | D:3      | Gained mutation: You expend magic power (3 MP) to
                  | strengthen your wands. [potion of mutation]
  2013 | D:3      | 2013 ||| DRINKING 2 brown potions.
  2014 | D:3      | 2014 ||| READING 3 scrolls of identify.
  2014 | D:3      | 2014 ||| IDENTIFYING coppery potion
  2015 | D:3      | 2015 ||| READING 2 scrolls of identify.
  2015 | D:3      | 2015 ||| IDENTIFYING fizzy puce potion
  2016 | D:3      | 2016 ||| DROPPING potion of attraction.
  2017 | D:3      | 2017 ||| DROPPING potion of ambrosia.
  2070 | D:4      | Reached XP level 5. HP: 29/29 MP: 7/7
  2103 | D:4      | Found a staircase to the Ecumenical Temple.
  2104 | D:4      | 2104 ||| PLANNING TEMPLE
  2109 | Temple   | Entered the Ecumenical Temple
  2109 | Temple   | Found a transporter.
  2109 | Temple   | Found a transporter.
  2111 | Temple   | Found a transporter.
  2111 | Temple   | Found a transporter.
  2121 | Temple   | 2121 ||| PLANNING D:1-11
  2126 | Temple   | 2126 ||| PLANNING OKAWARU WORSHIP
  2133 | Temple   | Became a worshipper of Warmaster Okawaru
  2134 | Temple   | 2134 ||| PLANNING D:1-11
  2240 | D:4      | HP: 3/29 [poisoned by a scorpion]
  2241 | D:4      | Succumbed to a scorpion's poison

Levels and vault maps discovered:
D:1:      matt_arrival_grand_opening, layout_basic, minmay_misc_feat_tiny,
          serial_bayou_pond_d, minivault_4
D:2:      layout_loops_ring, serial_shops, nicolae_shop_tiny_statue_garden,
          shop, uniq_natasha
D:3:      layout_basic, ebering_ghost_reflecting_pool, serial_shops,
          nicolae_shop_tiny_glass, minmay_fountain_box
D:4:      layout_rooms, mainiacjoe_overflow_divided_tiny,
          minmay_temple_entry_sparse_star, uniq_robin
Temple:   hellmonk_temple_divided_pantheon

Skill      XL: |  1  2  3  4 |
---------------+-------------+-----
Ranged Weapons | 7 8 |  8.9
Fighting       | |  1.5
Dodging        | |  2.4
Stealth        | |  1.2

Action                     |  1- 3 |  4- 6 || total
---------------------------+-------+-------++-------
   Fire: Shortbow          |    61 |   115 ||   176
    Use: Scroll            |     3 |     5 ||     8
         Potion            |     1 |     3 ||     4
 Armour: Ring mail         |     5 |    14 ||    19
         Leather armour    |     1 |       ||     1
  Dodge: Dodged            |    12 |    12 ||    24

Table legend:
 A = Non-vault XP
 B = Vault XP
 C = Vault XP percentage of total XP
 D = Non-vault monster count
 E = Vault monster count
 F = Vault count percentage of total count
                 A         B        C        D         E       F
            +---------+---------+-------+---------+---------+-------
      Total |     237 |      35 |  12.9 |      61 |       1 |   1.6
            +---------+---------+-------+---------+---------+-------
        D:1 |      27 |       0 |   0.0 |      19 |       0 |   0.0
        D:2 |      76 |      35 |  31.5 |      16 |       1 |   5.9
        D:3 |      26 |       0 |   0.0 |      14 |       0 |   0.0
        D:4 |     108 |       0 |   0.0 |      12 |       0 |   0.0
            +---------+---------+-------+---------+---------+-------
